 Dungeon Crawl Stone Soup version 0.20-a0-640-g62ed22f (webtiles) character file.

2921994 seren the Conqueror (level 27, 301/327 HPs)
             Began as a Naga Fighter on Feb 11, 2017.
             Was the Champion of Cheibriados.
             Escaped with the Orb
             ... and 5 runes on Feb 12, 2017!
             The game lasted 09:46:27 (87508 turns).

seren the Conqueror (Naga Fighter)                 Turns: 87508, Time: 09:46:27

Health: 301/327    AC: 36    Str: 42    XL:     27
Magic:  27/27      EV: 27    Int: 20    God:    Cheibriados [******]
Gold:   7479       SH: 24    Dex: 35    Spells: 17/44 levels left

rFire    + + +     SeeInvis +   w - +5 hand crossbow of Pits {velocity, Str+2 Int-5 Dex+2 SInv}
rCold    + + .     Gourm    .   n - +5 ring mail of the Alphagorgon {Slay+5}
rNeg     + + .     Faith    .   D - +5 shield {rC+}
rPois    +         Spirit   .   s - +2 helmet of Baett {rF+++ Int-2 SInv Stlth+}
rElec    +         Reflect  .   P - +0 cloak of Insecurity {Regen+}
rCorr    .         Harm     .   (no gloves)
MR       +++..                  m - +4 naga barding {rF+}
Stlth    ++++......             l - amulet of regeneration
Regen    1.5/turn               Q - ring of the Hippo {rElec rPois rN+}
MPRegen  0.2/turn               G - ring of Jaesk {rC+ rN+ MP-9 Slay+3}

@: very slow
A: camouflage 1, see invisible, clever 1, deformed body, poison resistance,
robust 1, slowness 2, slow metabolism 1, spit poison 1, strong 1, constrict 1,
AC +9
0: Orb of Zot
}: 5/15 runes: decaying, serpentine, slimy, silver, abyssal
a: Spit Poison, Bend Time, Temporal Distortion, Slouch, Step From Time, Renounce
Religion


You escaped.
You worshipped Cheibriados.
Cheibriados was exalted by your worship.
You were not hungry.

You visited 14 branches of the dungeon, and saw 60 of its levels.
You visited the Abyss 1 time.
You also visited: Labyrinth, Ice Cave and Desolation.

You collected 8319 gold pieces.
You spent 840 gold pieces at shops.

Inventory:

Hand Weapons
 a - a +5 demon trident of electrocution
 r - the +8 hand crossbow of the Toadstool {freeze, Int+3}
   (You found it on level 3 of the Lair of Beasts)

   It causes projectiles fired from it to freeze those they strike, causing
   extra injury to most foes and up to half again as much damage against
   particularly susceptible opponents.
   They can also slow down cold-blooded creatures.
   It affects your intelligence (+3).
 w - the +5 hand crossbow of Pits (weapon) {velocity, Str+2 Int-5 Dex+2 SInv}
   (You found it on level 2 of the Realm of Zot)

   Any bolt fired from it inflicts extra damage.
   It affects your strength (+2).
   It affects your intelligence (-5).
   It affects your dexterity (+2).
   It lets you see invisible.
 F - a +0 whip
Missiles
 b - 2287 bolts (quivered)
 i - 2 throwing nets
Armour
 c - the +0 pair of gloves of the Disturbing Suns {rC+}
   (You found it on level 5 of the Pits of Slime)

   It protects you from cold.
 m - a +4 naga barding of fire resistance (worn)
 n - the +5 ring mail of the Alphagorgon (worn) {Slay+5}
   (You found it in the Desolation of Salt)

   It affects your accuracy and damage with ranged weapons and melee attacks
   (+5).
 s - the +2 helmet of Baett (worn) {rF+++ Int-2 SInv Stlth+}
   (You found it on level 2 of the Depths)

   It affects your intelligence (-2).
   It renders you almost immune to fire.
   It lets you see invisible.
   It makes you more stealthy.
 u - a +2 naga barding of flying
 D - a +5 shield of cold resistance (worn)
 P - the +0 cloak of Insecurity (worn) {Regen+}
   (You found it on level 3 of the Depths)

   It increases your rate of regeneration.
Jewellery
 l - an amulet of regeneration (around neck)
 o - a +3 amulet of reflection
 q - the amulet of the Four Winds {rN+ MR+++ Clar}
   (You found it on level 1 of the Vaults)

   [amulet of nothing]

   It protects you from negative energy.
   It affects your resistance to hostile enchantments.
   It protects you against confusion.
 G - the ring of Jaesk (left hand) {rC+ rN+ MP-9 Slay+3}
   (You found it on level 3 of the Crypt)

   [ring of positive energy]

   It affects your accuracy and damage with ranged weapons and melee attacks
   (+3).
   It protects you from cold.
   It protects you from negative energy.
   It affects your magic capacity (-9).
 I - a +5 ring of protection
 Q - the ring of the Hippo (right hand) {rElec rPois rN+}
   (You found it on level 3 of the Crypt)

   [ring of positive energy]

   It insulates you from electricity.
   It protects you from poison.
   It protects you from negative energy.
 V - an uncursed ring of resist corrosion
Wands
 d - a wand of digging (6/24)
Scrolls
 e - 3 scrolls of blinking
 k - 15 scrolls of remove curse
 p - 6 scrolls of fog
 t - 8 scrolls of teleportation
 y - 2 scrolls of recharging
 A - a scroll of brand weapon
 C - a scroll of summoning
 E - 22 scrolls of identify
 K - 4 scrolls of holy word
 M - 7 scrolls of fear
 N - 2 scrolls of silence
 Y - 4 scrolls of magic mapping
Potions
 g - 4 potions of agility
 j - a potion of magic
 v - 25 potions of curing
 x - 16 potions of mutation {!q}
 B - 3 potions of might
 H - a potion of resistance
 R - 2 potions of heal wounds
 S - a potion of cancellation
 U - 4 potions of invisibility
Miscellaneous
 X - 3 phantom mirrors
Comestibles
 f - 31 bread rations
 h - 32 meat rations
 T - 18 fruits


   Skills:
 O Level 27 Fighting
 - Level 22.9 Polearms
 - Level 19.0 Crossbows
 - Level 15.4 Armour
 - Level 17.2 Dodging
 + Level 23.5 Stealth
 - Level 16.4 Shields
 - Level 9.3 Spellcasting
 - Level 4.7 Hexes
 - Level 5.0 Charms
 - Level 6.0 Summonings
 - Level 4.9 Necromancy
 - Level 8.0 Translocations
 - Level 5.0 Transmutations
 - Level 5.0 Earth Magic
 - Level 16.3 Invocations


You had 17 spell levels left.
You knew the following spells:

 Your Spells              Type           Power        Failure   Level  Hunger
a - Apportation           Tloc           #####.       1%          1    None
b - Lesser Beckoning      Tloc           #####.....   1%          3    None
c - Teleport Other        Tloc           #####...     1%          3    None
d - Passage of Golubria   Tloc           N/A          3%          4    ###....
e - Shroud of Golubria    Chrm/Tloc      #####.....   1%          2    None
g - Blink                 Tloc           N/A          1%          2    None
h - Summon Butterflies    Summ           ####....     1%          1    None
i - Regeneration          Chrm/Necr      ####......   4%          3    None
j - Spectral Weapon       Hex/Chrm       ####....     4%          3    None
p - Portal Projectile     Tloc           #####.       1%          3    None
w - Passwall              Tmut/Erth      ####......   1%          2    None


Dungeon Overview and Level Annotations

Branches:
Dungeon (15/15)            Temple (1/1) D:4            Lair (6/6) D:9
  Swamp (4/4) Lair:2        Snake (4/4) Lair:4        Slime (5/5) Lair:5
    Orc (2/2) D:9             Elf (3/3) Orc:2        Vaults (5/5) D:13
  Crypt (3/3) Vaults:2       Tomb (1/3) Crypt:3      Depths (5/5) D:15
   Hell (1/1)                 Dis (0/7) Hell            Geh (0/7) Hell
    Coc (0/7) Hell            Tar (0/7) Hell            Zot (5/5) Depths:5

Altars:
Ashenzari
Cheibriados
Dithmenos
Elyvilon
Fedhas
Gozag
Hepliaklqana
Kikubaaqudgha
Makhleb
Nemelex Xobeh
Okawaru
Qazlal
Ru
Sif Muna
Trog
Uskayaw
Vehumet
Xom
Yredelemnul
Zin
The Shining One
Jiyva

Shops:
D:5 (   D:9 [   Orc:1 (   Orc:2 [*((%   Elf:1 :=   Vaults:2 [   Depths:1 *
Depths:2 }=}   Depths:4 *

Portals:
Hell: Depths:1 Depths:2 Depths:3 Depths:4 Depths:5
Abyss: Depths:2 Depths:4
Pandemonium: Depths:1 Depths:3 Depths:5
Ziggurat: Depths:2
Trove: Vaults:1 (give 3 potions of resistance)

Annotations:
Lair:5 exclusion: downstairs
Swamp:3 thorn hunter
Crypt:3 exclusions: greater mummy and mummy, Khufu


Innate Abilities, Weirdness & Mutations

You cannot wear boots.
Your serpentine skin is tough. (AC +9)
You have supernaturally acute eyesight. (SInv)
Armour fits poorly on your strangely shaped body.
Your system is resistant to poisons. (rPois)
You cover ground very slowly.
You have a slow metabolism.
You can spit poison.
You can use your snake-like lower body to constrict enemies.
Your skin changes colour to match your surroundings (Stealth+).
Your mind is acute. (Int +2)
You are robust. (+10% HP)
Your muscles are strong. (Str +2)


Message History

Press: ? - help, Shift-Dir - straight line, f/p - hellwing
Aim: a hellwing (heavily wounded)
You shoot a bolt. The bolt hits the hellwing!!
You kill the hellwing!
Cheibriados thoroughly appreciates the change of pace.
No target in view!
b - 2287 bolts (gained 4) Evoke which item? (* to show all) (? for menu, Esc to quit)
Aiming: Dig
Press: ? - help, Shift-Dir - straight line, f - you Nothing appears to happen.
This wand has 6 charges left.
There is a staircase leading out of the dungeon here.
As you read the scroll of enchant armour, it crumbles to dust.
Your +4 shield of cold resistance glows green for a moment.
Really quaff
x - 17 potions of mutation {!q}?
You feel extremely strange.
You feel less resistant to hostile enchantments.
Your regeneration returns to normal.
You feel clever.
You feel robust.
You feel stronger.
You have escaped!

.............##PPPPPPPPPPPPPPP.#.
.............##PPPPPPPPPPPPPPP.#'
#............##PPPPP.....PPPPP...
.............##PPP..PPPPP..PPP...
....###......##PP.PPP...PPP.PP...
......#......##PP.PP.PPP.PP.PP.#'
......##....###P.PP.PP.PP.PP.P.#.
............# #P.P.PP.P.PP.P.P.#.
............# #P@P.P.PPP.P.P.....
............# #P.P.PP.P.PP.P.P...
............#


#P.PP.PP.PP.PP.P... ......).....# #PP.PP.PPP.PP.PP... ............#
#PP.PPP...PPP.PP... ............# #PPP..PPPPP..PPP... ............#
#PPPPP.....PPPPP... ............# #PPPPPPPPPPPPPPP... ............#
#PPPPPPPPPPPPPPP... There were no monsters in sight!

Vanquished Creatures
  the Royal Jelly (Slime:5)
  6 orbs of fire
  10 ancient liches
  2 juggernauts
  A pandemonium lord (Depths:1)
  Saint Roka (Vaults:4)
  Vashnia (Snake:3)
  2 Killer Klowns (Zot:5)
  Geryon (Hell)
  A curse toe (Zot:4)
  10 golden dragons
  Jory (Depths:3)
  A profane servitor (Abyss:3)
  2 bone dragons
  5 electric golems
  A Brimstone Fiend (Zot:1)
  3 hellephants (Abyss:3)
  10 liches
  16 tentacled monstrosities
  33 Orb Guardians
  4 titans
  An Ice Fiend (Zot:1)
  A Hell Sentinel (D:8)
  11 quicksilver dragons
  A deep elf blademaster (Elf:3)
  4 deep elf master archers (Elf:3)
  23 acid blobs
  10 death cobs
  5 tentacled starspawn
  3 Executioners
  7 sphinxes
  A storm dragon (shapeshifter) (Vaults:5)
  3 thorn hunters
  Gastronok (D:9)
  8 ancient champions
  14 shadow dragons
  19 storm dragons
  8 nagarajas
  Roxanne (Elf:2)
  16 tengu reavers
  2 revenants
  7 draconian monks
  21 fire giants
  12 azure jellies
  9 draconian knights
  Aizul (Snake:3)
  5 iron dragons
  9 deep elf sorcerers
  Louise (Depths:2)
  7 ghost moths
  20 frost giants
  16 draconian scorchers
  12 draconian shifters
  22 ironheart preservers
  2 cacodemons
  A curse skull (Zot:4)
  20 vault wardens
  5 deep elf elementalists
  A warmonger (Zot:1)
  An orc warlord (Elf:2)
  A spriggan defender (Depths:4)
  11 reapers
  8 draconian annihilators
  5 draconian stormcallers
  31 stone giants
  7 ghouls
  4 war gargoyles
  The ghost of TuxedoFelix the Severer, a journeyman MiBe of Trog (D:14)
  12 deep elf demonologists
  4 entropy weavers
  3 caustic shrike skeletons (Crypt:3)
  11 vampire knights
  8 green draconians
  2 halazid warlocks (Desolation)
  24 starcursed masses
  13 deep elf annihilators
  21 black draconians
  27 very ugly things
  A lorocyproca (Depths:1)
  18 red draconians
  6 spark wasps
  13 yellow draconians
  7 dire elephants (Abyss:3)
  13 purple draconians
  15 white draconians
  34 ettins
  16 deep elf death magi
  A green death (Hell)
  3 blizzard demons
  4 eidola
  7 death oozes (Slime:5)
  A mummy priest (Tomb:1)
  Josephine (Swamp:1)
  7 ragged hierophants (Desolation)
  A merfolk impaler (Depths:3)
  11 fire dragons
  8 rakshasas
  22 ogre magi
  3 crystal guardians (Desolation)
  3 deep elf high priests
  16 great orbs of eyes
  A minotaur (Lab)
  23 yaktaur captains
  22 hydras
  2 quicksilver dragon skeletons (Crypt:3)
  15 naga warriors
  9 servants of whispers (Desolation)
  6 peacekeepers (Desolation)
  A ghost crab (Swamp:4)
  38 vault guards
  4 spriggan air magi
  19 ice dragons
  10 centaur warriors
  10 anacondas
  73 two-headed ogres
  9 death knights
  The ghost of HEYYEYAAE the Basher, a novice TrBe of Trog (D:10)
  20 dancing weapons
  6 death scarabs (Tomb:1)
  6 alligators
  13 deep troll earth magi
  18 large abominations
  9 tengu warriors
  6 death yaks (Depths:2)
  2 orc high priests
  A satyr (shapeshifter) (Vaults:4)
  4 hell hogs
  7 thrashing horrors (Abyss:3)
  17 deep troll shamans
  12 shock serpents
  4 vampire magi
  2 spriggan berserkers (Depths:5)
  7 sun demons
  An iron golem (Hell)
  Urug (D:13)
  22 naga sharpshooters
  9 hell knights
  4 soul eaters
  5 wretched stars
  24 deep elf knights
  A fire crab (shapeshifter) (Depths:2)
  13 shadow wraiths
  4 titan skeletons (Crypt:3)
  A storm dragon skeleton (Crypt:3)
  13 iron trolls
  31 skeletal warriors
  4 sixfirhies
  An anaconda zombie (Hell)
  52 deep trolls
  A fire crab (D:14)
  6 glowing orange brains
  4 unseen horrors
  An unseen horror (shapeshifter) (Depths:2)
  An infernal demonspawn (Zot:1)
  A spatial maelstrom (Abyss:3)
  10 swamp dragons
  7 wizards
  A gelid demonspawn (Depths:3)
  2 swamp dragons (shapeshifter)
  2 golden dragon skeletons (Crypt:3)
  2 orange crystal statues
  5 shambling mangroves
  5 flayed ghosts
  2 anaconda skeletons
  9 naga ritualists
  33 deep elf archers
  17 ironbrand convokers
  12 phantasmal warriors
  8 necromancers
  A mana viper (shapeshifter) (Vaults:2)
  21 orc knights
  4 wolf spiders
  4 shining eyes (Slime:5)
  4 oklob plants (Zot:4)
  14 mana vipers
  3 orc sorcerers
  7 harpies
  61 ugly things
  12 cyclopes
  A shadow dragon skeleton (Crypt:2)
  2 salamanders (shapeshifter)
  86 deep elf magi
  6 salamanders
  40 moths of wrath
  14 elephants
  3 fire giant skeletons
  A worldbinder (Abyss:3)
  3 iron dragon skeletons (Crypt:3)
  4 elephants (shapeshifter)
  7 rust devils
  8 ice statues
  A black mamba (shapeshifter) (Elf:3)
  19 vault sentinels
  A stone giant skeleton (Vaults:2)
  An eye of devastation (shapeshifter) (Depths:1)
  7 smoke demons
  45 black mambas
  The ghost of Torious the Magician, a novice DEWz of Sif Muna (D:6)
  7 guardian serpents
  3 storm dragon simulacra
  20 spiny frogs
  15 naga magi
  3 demonic crawlers
  An eye of devastation (Slime:3)
  A hellion (Abyss:3)
  12 small abominations
  5 orange demons
  A gargoyle (D:13)
  A dire elephant skeleton (Crypt:3)
  3 rime drakes (Swamp:4)
  A spiny frog (shapeshifter) (Depths:3)
  A shock serpent skeleton (Crypt:3)
  11 komodo dragons
  85 yaktaurs
  A tormentor (D:8)
  6 ice devils
  A swamp worm zombie (Crypt:3)
  3 efreet
  10 freezing wraiths
  3 ancient zymes
  A minotaur zombie (Crypt:2)
  A pale draconian skeleton (Crypt:2)
  3 anaconda simulacra (IceCv)
  A yaktaur skeleton (Vaults:2)
  A purple draconian skeleton (Crypt:3)
  4 red devils
  A jumping spider (shapeshifter) (D:15)
  8 tengu conjurers
  7 hellwings
  A polar bear (shapeshifter) (D:15)
  7 polar bears (Lair:6)
  A troll (shapeshifter) (Depths:4)
  A tyrant leech (shapeshifter) (Depths:1)
  A hydra skeleton (Hell)
  17 trolls
  A wind drake (shapeshifter) (Vaults:4)
  A harpy skeleton (D:15)
  A wolf spider simulacrum (Hell)
  24 hornets
  9 raiju (Abyss:3)
  12 blink frogs
  12 bog bodies
  3 hippogriffs (shapeshifter)
  12 hippogriffs
  58 saltlings (Desolation)
  155 slime creatures
  A blink frog (shapeshifter) (D:13)
  12 dream sheep
  2 alligator zombies (Hell)
  The ghost of krabocopter the Cudgeler, an amateur GrFi (D:4)
  5 tyrant leeches
  3 raiju (shapeshifter)
  A snapping turtle (shapeshifter) (Elf:3)
  16 air elementals
  A dream sheep (shapeshifter) (Vaults:5)
  A fire dragon zombie (Abyss:3)
  12 flying skulls
  3 stone giant simulacra
  6 redbacks
  12 shadows
  21 water elementals
  A fire dragon skeleton (Crypt:3)
  4 ynoxinuls
  66 yaks
  25 spriggans
  4 ice dragon skeletons
  A tarantella (shapeshifter) (Vaults:4)
  A vampire (Abyss:3)
  5 wyverns
  A yak (shapeshifter) (Vaults:4)
  Sigmund (D:3)
  25 wraiths
  2 dire elephant simulacra (IceCv)
  2 humans (shapeshifter)
  Eustachio (D:4)
  A golden eye (shapeshifter) (Depths:3)
  6 basilisks
  4 fire elementals
  2 black mamba skeletons
  11 golden eyes
  3 hungry ghosts
  5 neqoxecs
  5 fire bats
  6 chaos spawn
  2 iron troll simulacra (IceCv)
  5 spatial vortices (Abyss:3)
  18 vampire mosquitoes
  Edmund (D:4)
  9 wargs
  A naga (shapeshifter) (Vaults:5)
  57 nagas
  A two-headed ogre zombie (Crypt:3)
  A harpy simulacrum (IceCv)
  2 spiny frog zombies (Hell)
  12 insubstantial wisps
  A merfolk zombie (Crypt:2)
  20 swamp worms
  3 acid dragons
  A soldier ant (D:13)
  A water moccasin (shapeshifter) (Vaults:3)
  A gelid demonspawn skeleton (Crypt:3)
  15 water moccasins
  3 floating eyes
  12 porcupines
  A hydra simulacrum (IceCv)
  18 swamp drakes
  A two-headed ogre skeleton (Crypt:1)
  7 sky beasts
  46 orc warriors
  15 ice beasts
  A black bear (shapeshifter) (Vaults:4)
  5 black bears
  2 spiny frog skeletons
  5 necrophages
  2 phantoms
  9 boggarts
  11 eyes of draining
  94 ogres
  A tengu (shapeshifter) (Depths:4)
  21 wolves
  30 centaurs
  A swamp dragon skeleton (Crypt:3)
  13 crocodiles
  2 big kobolds (D:12)
  A bullfrog (shapeshifter) (Vaults:5)
  An octopode zombie (Crypt:2)
  23 bullfrogs
  A draconian skeleton (Crypt:2)
  8 earth elementals
  An elf zombie (Crypt:3)
  A gnoll sergeant (D:8)
  A spiny frog simulacrum (Hell)
  A cyclops zombie (Crypt:1)
  An elf skeleton (Crypt:1)
  5 scorpions
  52 killer bees
  3 human simulacra (Vaults:3)
  42 wights
  3 howler monkeys
  3 electric eels
  6 centaur zombies
  12 crimson imps
  9 jellies
  4 quasits
  A bullfrog zombie (D:13)
  6 centaur skeletons
  11 hounds
  2 bullfrog skeletons
  21 orc priests
  2 iron imps
  Jessica (D:2)
  9 iguanas
  Ijyb (D:3)
  7 hell rats (Lair:5)
  An iguana (shapeshifter) (Vaults:4)
  36 orc wizards
  10 worker ants
  A statue (D:6)
  4 lightning spires (Zot:4)
  A demigod zombie (Crypt:2)
  4 hound zombies
  A naga skeleton (Crypt:3)
  2 hound skeletons
  A mummy (Crypt:3)
  2 worker ant zombies
  Robin (D:3)
  A howler monkey zombie (D:6)
  A howler monkey skeleton (D:5)
  12 adders
  7 gnolls
  7 shadow imps
  4 white imps
  An ufetubus (Depths:1)
  An ooze (D:1)
  2 adder skeletons
  An iguana skeleton (Crypt:2)
  2 worms
  A barachian skeleton (Crypt:3)
  A dart slug (D:2)
  3 leopard geckos
  120 orcs
  A giant cockroach (D:3)
  13 goblins
  7 hobgoblins
  12 jackals
  13 kobolds
  4 quokkas
  6 bats
  5 frilled lizards
  A giant cockroach zombie (D:5)
  A goblin zombie (Crypt:2)
  2 jackal skeletons
  A jackal zombie (D:6)
  A kobold skeleton (Crypt:3)
  2 leopard gecko zombies
  A quokka skeleton (D:4)
  A quokka zombie (D:5)
  5 rats
  4 crawling corpses
  2 plants
  6 starspawn tentacles
3722 creatures vanquished.

Vanquished Creatures (others)
  A draconian knight (Zot:2)
  A deep elf sorcerer (Elf:3)
  A deep elf elementalist (Elf:3)
  A deep elf knight (Elf:3)
  A naga (Snake:4)
  A necrophage (Crypt:3)
  An ogre (Zot:2)
  86 fungi
  A lurking horror (Abyss:3)
  69 plants
  5 starspawn tentacles
168 creatures vanquished.

Grand Total: 3890 creatures vanquished

Notes
Turn   | Place    | Note
-------+----------+-------------------------------------------
     0 | D:1      | seren the Naga Fighter began the quest for the Orb.
     0 | D:1      | Reached XP level 1. HP: 21/21 MP: 1/1
   296 | D:1      | Reached XP level 2. HP: 20/28 MP: 2/2
  1079 | D:2      | Noticed Jessica
  1081 | D:2      | Killed Jessica
  1081 | D:2      | Reached XP level 3. HP: 33/34 MP: 3/3
  1137 | D:3      | Reached XP level 4. HP: 15/42 MP: 4/4
  2089 | D:3      | Noticed Robin
  2096 | D:3      | Killed Robin
  2124 | D:3      | Reached skill level 5 in Polearms
  2130 | D:3      | Reached XP level 5. HP: 48/49 MP: 5/5
  2407 | D:3      | Found a shimmering altar of Xom.
  2457 | D:4      | Noticed krabocopter's ghost (amateur GrFi)
  2521 | D:3      | Noticed Ijyb
  2548 | D:3      | Killed Ijyb
  2667 | D:3      | Reached XP level 6. HP: 56/56 MP: 6/6
  2950 | D:3      | Noticed Sigmund
  2957 | D:3      | Killed Sigmund
  2957 | D:3      | Reached XP level 7. HP: 55/62 MP: 7/7
  3354 | D:4      | Noticed Edmund
  3401 | D:4      | Killed Edmund
  3550 | D:4      | Got a bone hand axe
  3554 | D:4      | Identified the +9 hand axe of the Many Beggars {speed, rC+ rN+ Dex-4} (You found it on level 4 of the Dungeon)
  3573 | D:5      | Entered Level 5 of the Dungeon
  3882 | D:5      | Found Zeuff's Antique Weapon Boutique.
  3986 | D:4      | Found a staircase to the Ecumenical Temple.
  3997 | Temple   | Entered the Ecumenical Temple
  4103 | D:5      | Reached XP level 8. HP: 69/69 MP: 8/8
  4236 | D:5      | Found a sparkling altar of Nemelex Xobeh.
  5056 | D:6      | Found an iron altar of Okawaru.
  5161 | D:6      | Found a radiant altar of Vehumet.
  5190 | D:6      | Found a white marble altar of Elyvilon.
  5358 | D:6      | Noticed Torious's ghost (novice DEWz)
  5382 | D:6      | Got a shimmering leather armour
  5412 | D:6      | Identified the +1 leather armour "Cac Duet" {*Corrode Int+5} (You found it on level 6 of the Dungeon)
  5497 | D:6      | Killed Torious's ghost
  5497 | D:6      | Reached skill level 10 in Polearms
  5497 | D:6      | Reached XP level 9. HP: 71/75 MP: 9/9
  5622 | D:6      | Reached skill level 4 in Fighting
  5835 | D:6      | Reached skill level 5 in Fighting
  6342 | D:7      | Reached skill level 6 in Fighting
  6632 | D:8      | Reached skill level 7 in Fighting
  6827 | D:8      | Found a blossoming altar of Fedhas.
  6975 | D:8      | Found a glowing silver altar of Zin.
  7129 | D:8      | Reached skill level 8 in Fighting
  7310 | D:4      | Noticed Eustachio
  7315 | D:4      | Killed Eustachio
  7315 | D:4      | Reached XP level 10. HP: 97/97 MP: 10/10
  7816 | D:8      | Reached skill level 9 in Fighting
  7935 | D:9      | Found Ilamool's Armour Boutique.
  8107 | D:9      | Found a sacrificial altar of Ru.
  8288 | D:8      | Reached skill level 5 in Armour
  8379 | D:8      | Reached skill level 5 in Shields
  8523 | D:8      | Found a snail-covered altar of Cheibriados.
  8533 | D:8      | Became a worshipper of Cheibriados the Contemplative
  8845 | D:9      | Noticed a two-headed ogre
  8854 | D:9      | Killed a two-headed ogre
  8984 | D:9      | Reached XP level 11. HP: 106/106 MP: 11/11
  9015 | D:9      | Reached * piety under Cheibriados
  9139 | D:9      | Found a staircase to the Orcish Mines.
  9259 | D:9      | Reached ** piety under Cheibriados
  9309 | D:9      | Reached skill level 1 in Invocations
  9388 | D:10     | Entered Level 10 of the Dungeon
  9601 | D:9      | Found a staircase to the Lair.
  9653 | D:9      | Reached *** piety under Cheibriados
  9805 | Lair:1   | Entered Level 1 of the Lair of Beasts
  9893 | D:9      | Reached skill level 5 in Invocations
 10248 | D:10     | Noticed HEYYEYAAE's ghost (novice TrBe)
 10550 | Lair:1   | Reached **** piety under Cheibriados
 11085 | Lair:1   | Reached skill level 1 in Stealth
 11211 | Lair:1   | Reached XP level 12. HP: 105/114 MP: 18/18
 11243 | Lair:1   | Reached skill level 5 in Stealth
 11792 | Lair:1   | Reached ***** piety under Cheibriados
 11824 | Lair:2   | Found a staircase to the Swamp.
 12663 | Lair:3   | Noticed an eight-headed hydra
 13239 | Lair:3   | Noticed a seven-headed hydra
 13261 | Lair:3   | Killed a seven-headed hydra
 13261 | Lair:3   | Reached skill level 1 in Dodging
 13639 | Lair:4   | Found a staircase to the Snake Pit.
 13652 | Lair:4   | Found a labyrinth entrance.
 13678 | Lab      | Entered a labyrinth
 13869 | Lab      | Noticed a minotaur
 13905 | Lab      | Killed a minotaur
 13913 | Lab      | Identified Vehumet's Almanac of Confrontation
 14027 | Lair:4   | Gained mutation: You can use your snake-like lower body to constrict enemies. [Naga growth]
 14027 | Lair:4   | Reached XP level 13. HP: 100/121 MP: 19/19
 14829 | Lair:5   | Learned a level 2 spell: Blink
 15143 | Lair:6   | Entered Level 6 of the Lair of Beasts
 15756 | Lair:5   | Found a runed door.
 15756 | Lair:5   | Found a viscous altar of Jiyva.
 15756 | Lair:5   | Found a staircase to the Slime Pits.
 15756 | Lair:5   | Noticed an acid blob
 15756 | Lair:5   | Noticed an acid blob
 15899 | Lair:1   | Identified a scroll of acquirement
 15900 | Lair:1   | Got a pair of smoking gloves
 15906 | Lair:1   | Identified the +1 pair of gloves "Isinur" {MR+} (You acquired it on level 1 of the Lair of Beasts)
 15961 | Orc:1    | Entered Level 1 of the Orcish Mines
 15961 | Orc:1    | Noticed Gastronok
 17318 | Lair:1   | Got a pitted scale mail
 17329 | Lair:1   | Identified the +5 scale mail "Agoz" {rElec Dex+2 Stlth+} (You found it on level 1 of the Lair of Beasts)
 17690 | Lair:3   | Got a steaming hand crossbow
 17691 | Lair:3   | Identified the +8 hand crossbow of the Toadstool {freeze, Int+3} (You found it on level 3 of the Lair of Beasts)
 18262 | Lair:5   | Reached XP level 14. HP: 121/129 MP: 20/20
 18508 | Lair:6   | Reached skill level 5 in Dodging
 18620 | Lair:6   | Reached ****** piety under Cheibriados
 21075 | D:13     | Noticed Urug
 21086 | D:13     | Killed Urug
 21086 | D:13     | Reached skill level 1 in Translocations
 21181 | D:13     | Reached XP level 15. HP: 135/135 MP: 21/21
 21560 | D:13     | Reached skill level 5 in Translocations
 21621 | D:13     | Found a gate to the Vaults.
 21867 | D:14     | Reached skill level 10 in Stealth
 21968 | D:15     | Entered Level 15 of the Dungeon
 22818 | D:15     | Found a staircase to the Depths.
 22844 | D:15     | Reached skill level 10 in Fighting
 23117 | Depths:1 | Entered Level 1 of the Depths
 23389 | D:14     | Noticed TuxedoFelix's ghost (journeyman MiBe)
 23430 | D:14     | Killed TuxedoFelix's ghost
 23448 | D:14     | Reached skill level 11 in Fighting
 24044 | D:9      | Killed Gastronok
 24044 | D:9      | Reached XP level 16. HP: 152/152 MP: 22/22
 24429 | Orc:1    | Found Wusurch's Antique Weapon Shop.
 24653 | Orc:2    | Entered Level 2 of the Orcish Mines
 25012 | Orc:2    | Reached skill level 12 in Fighting
 25175 | Orc:2    | Found Jughyuf's Weapon Boutique.
 25178 | Orc:2    | Found Maloqeas's Assorted Antiques.
 25182 | Orc:2    | Found Kuelonen's Antique Armour Emporium.
 25182 | Orc:2    | Found Nosilo's Weapon Emporium.
 25189 | Orc:2    | Bought a potion of might for 108 gold pieces
 25248 | Orc:2    | Bought a fine spear for 216 gold pieces
 25248 | Orc:2    | Bought a scroll of blinking for 202 gold pieces
 25353 | Orc:2    | Found Xuqon Lips's Food Shoppe.
 25463 | Orc:2    | Found a staircase to the Elven Halls.
 25853 | D:4      | Killed krabocopter's ghost
 26057 | Lair:1   | Identified the +5 spear "Wujoarel" {vamp, rC+ Dex+6} (You bought it in a shop on level 2 of the Orcish Mines)
 26110 | Swamp:1  | Entered Level 1 of the Swamp
 26400 | Swamp:3  | Noticed a thorn hunter
 26644 | Swamp:1  | Noticed Josephine
 26680 | Swamp:1  | Killed Josephine
 26680 | Swamp:1  | Reached skill level 13 in Fighting
 27922 | Swamp:3  | Reached XP level 17. HP: 165/165 MP: 24/24
 27952 | Swamp:4  | Entered Level 4 of the Swamp
 28065 | Swamp:3  | Reached skill level 10 in Invocations
 28862 | Swamp:4  | Reached skill level 10 in Dodging
 29187 | Orc:2    | Bought a scroll of blinking for 202 gold pieces
 29724 | Swamp:4  | Reached skill level 10 in Armour
 30385 | Swamp:4  | Got a decaying rune of Zot
 30697 | Swamp:4  | Paralysed by a hornet for 3 turns
 31060 | Snake:1  | Entered Level 1 of the Snake Pit
 31081 | Snake:1  | Reached skill level 15 in Stealth
 31935 | Snake:1  | Reached skill level 15 in Polearms
 32002 | Snake:2  | Found a frozen archway.
 32007 | IceCv    | Entered an ice cave
 32025 | IceCv    | Reached XP level 18. HP: 174/174 MP: 26/26
 33023 | Snake:3  | Noticed Aizul
 33037 | Snake:3  | Killed Aizul
 33037 | Snake:3  | Reached skill level 1 in Crossbows
 33850 | Snake:4  | Entered Level 4 of the Snake Pit
 34000 | Snake:2  | Reached skill level 5 in Crossbows
 34039 | Snake:3  | Noticed Vashnia
 34537 | Vaults:1 | Entered Level 1 of the Vaults
 35462 | Vaults:1 | Reached XP level 19. HP: 180/181 MP: 27/27
 35514 | Vaults:1 | Noticed a Hell Sentinel
 35536 | Vaults:1 | Reached skill level 10 in Crossbows
 35975 | Vaults:1 | Found a portal to a secret trove of treasure.
 37374 | Vaults:2 | Found a staircase to the Crypt.
 37832 | Crypt:1  | Entered Level 1 of the Crypt
 37844 | Vaults:2 | Found Otaeg's Armour Shop.
 38146 | Vaults:2 | Reached XP level 20. HP: 189/189 MP: 28/28
 38403 | Vaults:3 | Reached skill level 14 in Fighting
 40162 | Vaults:3 | Got a silken robe
 40173 | Vaults:3 | Identified the cursed +1 robe of Kehutupe {MR++ Int-2} (You took it off a yaktaur on level 3 of the Vaults)
 40524 | Vaults:4 | Learned a level 3 spell: Lesser Beckoning
 40528 | Vaults:4 | Learned a level 3 spell: Portal Projectile
 40533 | Vaults:4 | Learned a level 4 spell: Passage of Golubria
 40557 | Vaults:4 | Noticed a Brimstone Fiend
 40575 | Vaults:4 | Reached skill level 1 in Spellcasting
 41644 | Vaults:4 | Reached XP level 21. HP: 199/199 MP: 29/29
 41692 | Vaults:4 | Noticed Saint Roka
 41780 | Vaults:4 | Killed Saint Roka
 41782 | Vaults:4 | Reached skill level 5 in Spellcasting
 44308 | D:10     | Killed HEYYEYAAE's ghost
 45539 | Snake:3  | Killed Vashnia
 45938 | Snake:4  | Reached XP level 22. HP: 207/207 MP: 30/30
 47515 | Snake:4  | Got a serpentine rune of Zot
 48162 | Depths:1 | Reached skill level 15 in Fighting
 48552 | Depths:1 | Found a gateway to Hell.
 48739 | Depths:1 | Found a one-way gate leading to the halls of Pandemonium.
 49418 | Depths:1 | Found Moihedd's Elemental Accessories.
 49492 | Depths:1 | Reached skill level 16 in Fighting
 50019 | Depths:2 | Got a translucent halberd
 50035 | Depths:1 | Identified the +11 halberd of Trauma {chop, Str+4} (You found it on level 2 of the Depths)
 50257 | Depths:1 | Found a white marble altar of Elyvilon.
 50387 | Depths:2 | Reached XP level 23. HP: 198/222 MP: 31/31
 50410 | Depths:2 | Found a gateway to a ziggurat.
 50578 | Depths:3 | Got a smoking cloak
 50596 | Depths:3 | Identified the +0 cloak of Insecurity {Regen+} (You found it on level 3 of the Depths)
 50821 | Depths:2 | Found a one-way gate to the infinite horrors of the Abyss.
 50830 | Depths:2 | Noticed Louise
 50841 | Depths:2 | Killed Louise
 50927 | Depths:2 | Found Waizxaa's Gadget Emporium.
 50927 | Depths:2 | Found Noutogusa's Jewellery Boutique.
 50933 | Depths:2 | Found Folaq's Gadget Emporium.
 51901 | Depths:2 | Noticed a juggernaut
 51925 | Depths:2 | Killed a juggernaut
 52039 | Depths:2 | Got a translucent glaive
 52076 | Depths:2 | Got a faintly humming helmet
 52082 | Depths:2 | Identified the +2 helmet of Baett {rF+++ Int-2 SInv Stlth+} (You found it on level 2 of the Depths)
 52102 | Depths:2 | Identified the +9 glaive "Killer Klown's Doom" {speed, rPois Str+2} (You found it on level 2 of the Depths)
 52112 | Depths:2 | Got a steaming quarterstaff
 52113 | Depths:2 | Identified the +7 quarterstaff of Qicoruec {elec, Str+4} (You found it on level 2 of the Depths)
 52127 | Depths:2 | Got an iridescent flail
 52132 | Depths:2 | Identified the +5 flail of Anger {freeze, rF+++ Str-5 Int+5} (You found it on level 2 of the Depths)
 53253 | Crypt:1  | Reached skill level 15 in Dodging
 53372 | Crypt:1  | Reached XP level 24. HP: 226/231 MP: 31/31
 54206 | Crypt:3  | Entered Level 3 of the Crypt
 55003 | Crypt:3  | Found a staircase to the Tomb.
 55013 | Crypt:3  | Noticed a greater mummy
 55014 | Crypt:3  | Noticed Khufu
 55415 | Crypt:3  | Reached skill level 17 in Fighting
 55883 | Crypt:3  | Noticed an ancient lich
 55895 | Crypt:3  | Killed an ancient lich
 55984 | Crypt:3  | Got a coiled tin ring
 55985 | Crypt:3  | Identified the Compendium of Black Magic
 55992 | Crypt:3  | Got a transparent iron ring
 55992 | Crypt:3  | Got a fine iron ring
 55992 | Crypt:3  | Got a translucent silver ring
 56010 | Crypt:3  | Identified the Papyrus of the Eagle
 56025 | Crypt:3  | Identified the ring of Arhumixe {rF+ MR+ Dex+3 Stlth+} (You found it on level 3 of the Crypt)
 56032 | Crypt:3  | Identified the ring of Law {rN+ Str+2} (You found it on level 3 of the Crypt)
 56034 | Crypt:3  | Identified the ring of Jaesk {rC+ rN+ MP-9 Slay+3} (You found it on level 3 of the Crypt)
 56036 | Crypt:3  | Identified the ring of the Hippo {rElec rPois rN+} (You found it on level 3 of the Crypt)
 56082 | Crypt:3  | Reached skill level 15 in Armour
 56250 | Tomb:1   | Entered Level 1 of the Tomb of the Ancients
 56507 | Crypt:3  | Upgraded the game from 0.20-a0-633-gff4aa5c to 0.20-a0-640-g62ed22f
 56867 | Depths:2 | Reached XP level 25. HP: 210/241 MP: 22/31
 57140 | Depths:3 | Paralysed by a floating eye for 4 turns
 57937 | Depths:3 | Noticed Jory
 57950 | Depths:3 | Killed Jory
 57982 | Depths:3 | Identified the Grimoire of Cloudy Boosts
 58593 | Depths:5 | Entered Level 5 of the Depths
 58821 | Depths:4 | Found Gerooxta's General Store.
 58833 | Depths:4 | Bought a scroll of teleportation for 48 gold pieces
 58833 | Depths:4 | Bought a scroll of identify for 32 gold pieces
 58833 | Depths:4 | Bought a scroll of identify for 32 gold pieces
 59681 | Depths:5 | Learned a level 3 spell: Teleport Other
 59684 | Depths:5 | Learned a level 2 spell: Shroud of Golubria
 59687 | Depths:5 | Reached skill level 15 in Crossbows
 59697 | Depths:5 | Reached XP level 26. HP: 222/250 MP: 22/31
 59940 | Depths:5 | Reached skill level 18 in Fighting
 60168 | Depths:5 | Noticed a juggernaut
 60190 | Depths:5 | Killed a juggernaut
 60190 | Depths:5 | Reached skill level 19 in Fighting
 60437 | Depths:5 | Reached skill level 20 in Fighting
 60460 | Depths:5 | Found a gate to the Realm of Zot.
 62044 | Elf:1    | Entered Level 1 of the Elven Halls
 62067 | Elf:1    | Found a radiant altar of Vehumet.
 62114 | Elf:1    | Found a ruined gateway.
 62122 | Desolati | Entered the Desolation of Salt
 62192 | Desolati | Reached skill level 21 in Fighting
 62404 | Desolati | Got a faintly humming leather armour
 62405 | Desolati | Identified the +1 leather armour "Yhan Yfo" {rElec MR++ Str+4} (You found it in the Desolation of Salt)
 62412 | Desolati | Got a polished ring mail
 62423 | Desolati | Identified the +5 ring mail of the Alphagorgon {Slay+5} (You found it in the Desolation of Salt)
 62810 | Desolati | Got a faintly humming scale mail
 62826 | Desolati | Identified the Catalogue of the Ashen Oath
 62834 | Desolati | Identified the Catalogue of Displaced Contamination
 62865 | Desolati | Identified the cursed +0 scale mail of Paranoia {rF+ Dex+2 Slay-6} (You found it in the Desolation of Salt)
 62933 | Desolati | Got a steaming glaive
 62941 | Desolati | Learned a level 2 spell: Passwall
 62942 | Desolati | Identified the Tome of Mutagenic Flames
 62945 | Desolati | Got an encrusted flail
 63064 | Desolati | Identified the +1 glaive "Waf Meur" {flame, +Inv rElec rPois} (You found it in the Desolation of Salt)
 63065 | Desolati | Identified the +4 flail of Turmoil {crush, rN+ Int+4 Dex+3} (You found it in the Desolation of Salt)
 63202 | Elf:1    | Found Kauble's Jewellery Boutique.
 63202 | Elf:1    | Found Liepsaq's Book Shop.
 63711 | Elf:2    | Noticed Roxanne
 63729 | Elf:2    | Reached XP level 27. HP: 262/273 MP: 20/31
 63742 | Elf:2    | Killed Roxanne
 63761 | Elf:2    | Identified Roxanne's Catalogue of Shape Shifting (You took it off Roxanne on level 2 of the Elven Halls)
 63842 | Elf:2    | Found a runed gate.
 63842 | Elf:2    | Found a runed gate.
 63842 | Elf:2    | Found a runed gate.
 63912 | Elf:2    | Got a translucent ring mail
 63934 | Elf:2    | Identified the +1 ring mail of Pacuxkirph {Int+6} (You found it on level 2 of the Elven Halls)
 64064 | Elf:2    | Got a scorched naga barding
 64075 | Elf:2    | Identified the +0 naga barding of an ossuary {Dex+3} (You acquired it on level 2 of the Elven Halls)
 65069 | Elf:3    | Entered Level 3 of the Elven Halls
 65449 | Elf:3    | Got a smoking zirconium amulet
 65624 | Elf:3    | Learned a level 1 spell: Apportation
 65626 | Elf:3    | Learned a level 1 spell: Summon Butterflies
 65873 | Elf:3    | Got a fine robe
 65880 | Elf:3    | Identified the amulet "Adauph" {RegenMP rF- Dex+4} (You took it off a deep elf annihilator on level 3 of the Elven Halls)
 65926 | Elf:2    | Identified the cursed +0 robe "Riusuq" {+Fly rF+} (You took it off a deep elf death mage on level 3 of the Elven Halls)
 66158 | Elf:3    | Got a fine dagger
 66173 | Elf:3    | Learned a level 3 spell: Regeneration
 66203 | Elf:3    | Got a slimy hand crossbow
 66207 | Elf:3    | Identified the cursed +1 hand crossbow of the Sneaky Blessings {speed, MP+9 Str+4 Int+4 Dex+7} (You found it on level 3 of the Elven Halls)
 66210 | Elf:3    | Identified the +3 dagger "Xuesse" {drain, rC+ rN+ Stlth+} (You found it on level 3 of the Elven Halls)
 66253 | Elf:3    | Got a jewelled leather armour
 66298 | Elf:3    | Identified the +2 leather armour of Evolution {+Inv rElec rF+ MR+} (You took it off a deep elf elementalist on level 3 of the Elven Halls)
 66619 | Elf:3    | Got a translucent long sword {slice}
 66620 | Elf:3    | Identified the cursed +1 long sword "Wing" {slice, rC+} (You took it off a deep elf death mage on level 3 of the Elven Halls)
 67536 | Vaults:5 | Entered Level 5 of the Vaults
 67612 | Vaults:5 | Noticed an ancient lich
 67620 | Vaults:5 | Killed an ancient lich
 68901 | Vaults:5 | Noticed an ancient lich
 68916 | Vaults:5 | Killed an ancient lich
 68991 | Vaults:5 | Got a crude turquoise ring
 69034 | Vaults:5 | Reached skill level 15 in Invocations
 69600 | Vaults:5 | Got a silver rune of Zot
 69619 | Vaults:5 | Got a pair of slimy gloves
 69630 | Vaults:5 | Identified the +1 pair of gloves "Fulunget" {rPois} (You found it on level 5 of the Vaults)
 69786 | Vaults:5 | Got a slimy arbalest
 69792 | Vaults:5 | Identified the +9 arbalest of Plague {venom, +Inv rC++} (You took it off a vault guard on level 5 of the Vaults)
 70037 | Vaults:5 | Reached skill level 10 in Shields
 70112 | Vaults:5 | Got a faintly glowing leather armour
 70123 | Vaults:5 | Identified the cursed +0 leather armour of the Greedy {*Contam Int+6} (You found it on level 5 of the Vaults)
 70157 | Vaults:5 | Gained mutation: You are dopey. (Int -2) [mutagenic glow]
 70198 | Vaults:5 | Identified the cursed ring "Vuczami" {rPois EV-2 Str+2} (You took it off an orc wizard on level 5 of the Vaults)
 70721 | Slime:1  | Entered Level 1 of the Pits of Slime
 71751 | Slime:5  | Entered Level 5 of the Pits of Slime
 73473 | Slime:2  | Reached skill level 1 in Summonings
 73526 | Slime:5  | Found a viscous altar of Jiyva.
 73526 | Slime:5  | Noticed the Royal Jelly
 73646 | Slime:5  | Lost mutation: You are dopey. (Int -2) [a shining eye]
 74082 | Slime:5  | Paralysed by a floating eye for 2 turns
 74242 | Slime:5  | Killed the Royal Jelly
 74296 | Slime:5  | Reached skill level 5 in Summonings
 74361 | Slime:5  | Got a pair of faintly humming gloves
 74372 | Slime:5  | Identified the +0 pair of gloves of the Disturbing Suns {rC+} (You found it on level 5 of the Pits of Slime)
 74411 | Slime:5  | Got a pitted halberd
 74417 | Slime:5  | Got a twisted spear
 74464 | Slime:5  | Got a slimy rune of Zot
 74469 | Slime:5  | Got a slimy leather armour
 74498 | Slime:5  | Got an ancient ring mail
 74523 | Slime:5  | Identified the cursed +1 leather armour of Immorality {+Inv rCorr Int+2 Dex-3} (You found it on level 5 of the Pits of Slime)
 74536 | Slime:5  | Identified the +5 ring mail of Vawyri Lurch {rElec Str+5} (You found it on level 5 of the Pits of Slime)
 74550 | Slime:5  | Identified the cursed +2 spear "Caogescha" {pain, +Fly rF- Dex+4} (You found it on level 5 of the Pits of Slime)
 74559 | Slime:5  | Identified the +11 halberd of the Spider {elec, rF+ MR+} (You found it on level 5 of the Pits of Slime)
 75162 | Hell     | Entered the Vestibule of Hell
 75162 | Hell     | Noticed Geryon
 75191 | Depths:1 | Reached skill level 1 in Necromancy
 75678 | Hell     | Killed Geryon
 75829 | Hell     | Found a gateway to the freezing wastes of Cocytus.
 75997 | Hell     | Found a gateway to the ashen valley of Gehenna.
 76062 | Hell     | Found a gateway to the decaying netherworld of Tartarus.
 76260 | Hell     | Found a gateway to the Iron City of Dis.
 76508 | Depths:2 | Voluntarily entered the Abyss.
 76508 | Abyss:1  | Found a corrupted altar of Lugonu.
 76569 | Abyss:2  | Learned a level 3 spell: Spectral Weapon
 76635 | Abyss:2  | Found a corrupted altar of Lugonu.
 76844 | Abyss:2  | Found a corrupted altar of Lugonu.
 76853 | Abyss:3  | Found a corrupted altar of Lugonu.
 77128 | Abyss:3  | Reached skill level 15 in Shields
 77331 | Abyss:3  | Paralysed by accursed screaming for 1 turns
 77700 | Abyss:3  | Found a corrupted altar of Lugonu.
 77724 | Abyss:3  | Got an abyssal rune of Zot
 77793 | Abyss:3  | Found a corrupted altar of Lugonu.
 77958 | Abyss:3  | Reached skill level 1 in Charms
 77962 | Abyss:3  | Reached skill level 1 in Hexes
 77978 | Depths:2 | Escaped the Abyss
 78569 | Zot:1    | Entered Level 1 of the Realm of Zot
 79156 | Zot:1    | Reached skill level 5 in Charms
 79178 | Zot:1    | Reached skill level 1 in Transmutations
 79178 | Zot:1    | Reached skill level 1 in Earth Magic
 79804 | Zot:2    | Reached skill level 5 in Transmutations
 79804 | Zot:2    | Reached skill level 5 in Earth Magic
 79815 | Zot:2    | Got a warped hand crossbow
 79816 | Zot:2    | Identified the +5 hand crossbow of Pits {velocity, Str+2 Int-5 Dex+2 SInv} (You found it on level 2 of the Realm of Zot)
 80346 | Zot:2    | Got a jewelled spear
 80347 | Zot:2    | Identified the cursed +1 spear "Limefyrph" {pierce, rElec MP+9 Int+4} (You found it on level 2 of the Realm of Zot)
 80878 | Zot:2    | Got a tattered robe
 80883 | Zot:2    | Identified the cursed +1 robe "Peuc" {rN+ MR++ Int-3 Dex+4 Stlth+} (You found it on level 2 of the Realm of Zot)
 81628 | Zot:3    | Got a pair of pitted gloves
 81640 | Zot:3    | Identified the cursed +0 pair of gloves of Giesh {Int+4} (You found it on level 3 of the Realm of Zot)
 81942 | Zot:3    | Noticed an orb of fire
 81954 | Zot:3    | Gained mutation: You occasionally shout uncontrollably at your foes. [an orb of fire]
 81973 | Zot:3    | Killed an orb of fire
 82064 | Zot:3    | Noticed an orb of fire
 82088 | Zot:3    | Killed an orb of fire
 83758 | Zot:5    | Entered Level 5 of the Realm of Zot
 83975 | Zot:5    | Reached skill level 22 in Fighting
 84583 | Zot:5    | Reached skill level 23 in Fighting
 84597 | Zot:5    | Noticed an ancient lich
 84602 | Zot:5    | Noticed an orb of fire
 84604 | Zot:5    | Gained mutation: You are dopey. (Int -2) [an orb of fire]
 84606 | Zot:5    | Killed an ancient lich
 84616 | Zot:5    | Lost mutation: You are dopey. (Int -2) [an orb of fire]
 84622 | Zot:5    | Gained mutation: You are frail. (-10% HP) [an orb of fire]
 84625 | Zot:5    | Gained mutation: Your body sometimes deteriorates upon taking damage. [an orb of fire]
 84640 | Zot:5    | Killed an orb of fire
 84748 | Zot:5    | Noticed an ancient lich
 84763 | Zot:5    | Killed an ancient lich
 84777 | Zot:5    | Noticed an ancient lich
 84787 | Zot:5    | Killed an ancient lich
 84949 | Zot:5    | Reached skill level 24 in Fighting
 84993 | Zot:5    | Noticed an ancient lich
 85002 | Zot:5    | Killed an ancient lich
 85096 | Zot:5    | Noticed an ancient lich
 85112 | Zot:5    | Killed an ancient lich
 85120 | Zot:5    | Noticed an ancient lich
 85136 | Zot:5    | Killed an ancient lich
 85139 | Zot:5    | Noticed an orb of fire
 85142 | Zot:5    | Gained mutation: You are very frail. (-20% HP) [an orb of fire]
 85152 | Zot:5    | Noticed an ancient lich
 85153 | Zot:5    | Killed an orb of fire
 85173 | Zot:5    | Killed an ancient lich
 85365 | Zot:5    | Noticed an orb of fire
 85384 | Zot:5    | Gained mutation: Your magical capacity is low. (-10% MP) [an orb of fire]
 85386 | Zot:5    | Killed an orb of fire
 85386 | Zot:5    | Reached skill level 25 in Fighting
 85390 | Zot:5    | Noticed an orb of fire
 85408 | Zot:5    | Gained mutation: You evolve. [an orb of fire]
 85419 | Zot:5    | Gained mutation: You sometimes yell uncontrollably at your foes. [an orb of fire]
 85421 | Zot:5    | Killed an orb of fire
 85590 | Zot:5    | Lost mutation: Your magical capacity is low. (-10% MP) [evolution]
 86017 | Zot:5    | Reached skill level 26 in Fighting
 86173 | Zot:5    | Got the Orb of Zot
 86468 | Zot:1    | HP: 10/236 [Brimstone Fiend/damnation (33)]
 86553 | Zot:1    | Noticed Adghuygot the pandemonium lord
 86803 | Depths:1 | Noticed Keeqif the pandemonium lord
 86813 | Depths:1 | Killed Keeqif the pandemonium lord
 86877 | Depths:1 | Gained mutation: You regenerate slowly when monsters are visible. [a neqoxec]
 86888 | Depths:1 | Lost mutation: You are very frail. (-20% HP) [potion of mutation]
 86888 | Depths:1 | Lost mutation: You sometimes yell uncontrollably at your foes. [potion of mutation]
 86888 | Depths:1 | Lost mutation: Your body sometimes deteriorates upon taking damage. [potion of mutation]
 86888 | Depths:1 | Lost mutation: You are frail. (-10% HP) [potion of mutation]
 86888 | Depths:1 | Gained mutation: Your mind is acute. (Int +2) [potion of mutation]
 86888 | Depths:1 | Gained mutation: You are occasionally teleported next to monsters. [potion of mutation]
 86888 | Depths:1 | Gained mutation: Your mind is very acute. (Int +4) [potion of mutation]
 86888 | Depths:1 | Gained mutation: You are resistant to hostile enchantments. (MR+) [potion of mutation]
 86889 | Depths:1 | Lost mutation: You are occasionally teleported next to monsters. [potion of mutation]
 86889 | Depths:1 | Lost mutation: You evolve. [potion of mutation]
 86889 | Depths:1 | Lost mutation: Your mind is very acute. (Int +4) [potion of mutation]
 86889 | Depths:1 | Lost mutation: You occasionally shout uncontrollably at your foes. [potion of mutation]
 86889 | Depths:1 | Lost mutation: Your mind is acute. (Int +2) [potion of mutation]
 86889 | Depths:1 | Gained mutation: Your skin changes colour to match your surroundings (Stealth+). [potion of mutation]
 87147 | D:10     | Reached skill level 27 in Fighting
 87506 | D:1      | Lost mutation: You are resistant to hostile enchantments. (MR+) [potion of mutation]
 87506 | D:1      | Lost mutation: You regenerate slowly when monsters are visible. [potion of mutation]
 87506 | D:1      | Gained mutation: Your mind is acute. (Int +2) [potion of mutation]
 87506 | D:1      | Gained mutation: You are robust. (+10% HP) [potion of mutation]
 87506 | D:1      | Gained mutation: Your muscles are strong. (Str +2) [potion of mutation]
 87508 | D:$      | Escaped with the Orb!

Vault maps used:
D:1:      roderic_crop_circles_arrival_small
D:2:      roderic_greek_sauvastika, uniq_jessica
D:3:      old_standard_altar, uniq_sigmund, uniq_iyjb, uniq_robin
D:4:      minmay_temple_entry_hall, first_bread, uniq_eustachio, uniq_edmund
D:5:      nemelex_xobeh_ov_fountains_minmay, serial_shops, shop,
          kennysheep_generic_room_5
D:6:      vehumet_statue, kennysheep_mini, hangedman_decor_lopped, st_stairs_11,
          okawaru_gym_becter
D:7:      lightli_ossuary_entry_decrepit_ruins
D:8:      fedhas_altar_2, cheibriados_altar_1, zin_academy
D:9:      hangedman_ru_absence, due_lair_maze_entry_diamond, hiddenorc2_lemuel,
          serial_shops, nicolae_shop_statue_plus
D:10:     the_bakery, hex_medium
D:13:     david_vaults_4, nooodl_orcs_dogs, uniq_urug
D:14:     cheibrodos_elevator_heist, serial_bayou_pond_b
D:15:     gammafunk_enter_depths_forms, kennysheep_crisscross, minivault_16
Temple:   cyrus_circular_temple
Lair:1:   wad_woods_minihive, st_stairs_10, minivault_23
Lair:2:   minmay_swamp_entry_wisps
Lair:3:   infiniplex_staircase_pool, grunt_megastairs_5
Lair:4:   dummy_snake_entry, lab_entry_generic
Lair:5:   slime_altar_2, grunt_megastairs_3
Lair:6:   minmay_lair_end_enchanted_forest, grunt_megastairs_1
Swamp:1:  evilmike_swamp_ruin_rubble_1, swamp_pool1, hangedman_swamp_lotus,
          hangedman_swamp_pad, nicolae_swamp_dense_foliage, uniq_josephine
Swamp:2:  nicolae_swamp_round_clearing, swamp_pool1, hangedman_swamp_blocks,
          nicolae_swamp_little_tower
Swamp:3:  evilmike_swamp_ruin_house_2
Swamp:4:  swamp_alternative
Snake:1:  special_room, nicolae_coiled_stairwell_down, grunt_megastairs_2
Snake:2:  portal_ice_cave_entry_pillars_1
Snake:3:  lemuel_fruit_tree, uniq_vashnia, uniq_aizul
Snake:4:  minmay_snake_end_coiled
Slime:1:  nicolae_slime_barrier
Slime:2:  cheibrodos_slime_lost_civilization_3
Orc:1:    serial_shops, shop_statue, uniq_gastronok
Orc:2:    st_orc_open, serial_shops, nicolae_shop_crystal
Elf:1:    eino_elf_arrival_altar, portal_desolation_entry_ruin, spider_trap,
          minmay_shoptagon
Elf:2:    special_room, uniq_roxanne
Elf:3:    minmay_elf_hall_quartered_circle
Vaults:1: ontoclasm_vaults_claustrophobia, nicolae_vaults_circle_grid_a,
          hangedman_vaults_stream, enter_trove_6
Vaults:2: minmay_crypt_entry_simple_corners, nicolae_vaults_diagonal_hallway_7,
          ontoclasm_vaults_idyll, v_misc_3, v_misc_19, v_pattern_4,
          vaults_mumra_hexcomb, vaults_room_fancy_cross, st_squares,
          vaults_room_door_hall, nicolae_vaults_border_crossing,
          vaults_room_fours, serial_shops, nicolae_shop_crystal
Vaults:3: grunt_vaults_hallway_long, vaults_room_hallway,
          hangedman_vaults_nails, v_misc_24, vaults_room_fours,
          ontoclasm_vaults_gateway, nicolae_vaults_stairing_the_circle,
          vaults_room_semicircle, vaults_room_corners, vaults_dpeg_ring
Vaults:4: nicolae_vaults_twisting_passages, st_eye,
          nicolae_vaults_specimen_jars, hangedman_vaults_pinch,
          nicolae_vaults_theta, v_alt_pattern_2, grunt_vaults_hallway_long,
          vaults_room_door_ring, hangedman_vaults_nails,
          hangedman_vaults_capsules, uniq_saint_roka
Crypt:3:  due_elkab, nicolae_crypt_soggy_tomb, minmay_misc_feat_cross,
          uniq_khufu
Depths:1: hell_entry, minmay_misc_feat_doors, rand_demon_pan_entry_9,
          kennysheep_flooded_box, minmay_curled_crystal, nicolae_two_hexagons,
          minivault_10, minivault_15, serial_sigils_hangedman_leer,
          nicolae_elemental_shop
Depths:2: giant_chief_lemuel, enter_ziggurat_a,
          nicolae_abyss_entry_one_way_or_another, hell_entry,
          infiniplex_staircase_pool_2, serial_bayou_shore_a, grunt_megastairs_4,
          minmay_shop_grove
Depths:3: due_jory_tower, rand_demon_pan_entry_5, hell_entry,
          minmay_crystal_water, infiniplex_staircase_pillars_3b
Depths:4: kennysheep_bubble_arena, serial_shops, nicolae_shop_statue_plus,
          hell_entry, serial_sigils_hangedman_etch, abyss_entry,
          hangedman_stitches_earthworm
Depths:5: grunt_zot_entry_gee_three, hell_entry, rand_demon_pan_entry_3,
          hangedman_decor_peaks_small
Zot:2:    lemuel_halls_of_wrath, grunt_ministairs_4, basic_stair_grate_trap
Zot:4:    evilmike_crystal_ball_defense, hangedman_zot_decor_tridents
Lab:      labyrinth_watery, nicolae_lab_hexagon, nicolae_lab_big_swirl,
          nicolae_lab_statue, lab_fountain, nicolae_lab_starburst
IceCv:    ice_cave_statue_garden_chambered

Skill      XL: |  1  2  3  4  5  6  7  8  9 10 11 12 13 14 15 16 17 18 19 20 21 22 23 24 25 26 27 |
---------------+----------------------------------------------------------------------------------+-----
Polearms       | 3 4 5 6 10 11 14 15 16 19 20 22 | 22.9
Armour         | 3 4 6 7 8 9 10 12 13 14 15 | 15.4
Shields        | 3 4 6 7 8 9 16 | 16.4
Fighting       | 8 9 11 13 14 16 17 21 27 | 27.0
Invocations    | 8 9 11 16 | 16.3
Stealth        | 4 9 13 15 17 18 23 | 23.5
Dodging        | 3 9 10 12 15 17 | 17.2
Translocations | 1 5 7 8 |  8.0
Crossbows      | 9 10 15 16 19 | 19.0
Spellcasting   | 4 5 9 |  9.3
Summonings     | 6 |  6.0
Necromancy     | 4 |  4.9
Charms         | 5 |  5.0
Hexes          | 4 |  4.7
Transmutations | 5 |  5.0
Earth Magic    | 5 |  5.0

Action                   |  1- 3 |  4- 6 |  7- 9 | 10-12 | 13-15 | 16-18 | 19-21 | 22-24 | 25-27 || total
-------------------------+-------+-------+-------+-------+-------+-------+-------+-------+-------++-------
Melee: Trident           |    92 |   263 |   516 |  1041 |  1304 |  1821 |  1565 |   566 |       ||  7168
       Constrict         |       |       |       |       |   237 |   292 |   202 |   234 |   507 ||  1472
       Halberd           |       |       |       |       |       |       |       |   285 |       ||   285
       Demon trident     |       |       |       |       |       |       |       |   985 |  4209 ||  5194
 Fire: Hand crossbow     |       |       |       |       |       |     6 |   450 |   228 |  1649 ||  2333
       Arbalest          |       |       |       |       |       |       |       |       |    22 ||    22
 Cast: Portal Projectile |       |       |       |       |       |       |     4 |    13 |    19 ||    36
       Blink             |       |       |       |       |       |       |     2 |     1 |     2 ||     5
       Apportation       |       |       |       |       |       |       |       |       |    69 ||    69
       Summon Butterflie |       |       |       |       |       |       |       |       |     3 ||     3
       Passwall          |       |       |       |       |       |       |       |       |     1 ||     1
Invok: Slouch            |       |       |       |     7 |     5 |    11 |     8 |     8 |    18 ||    57
       Bend Time         |       |       |       |     3 |    12 |    18 |    12 |     7 |    36 ||    88
       Step From Time    |       |       |       |       |       |     1 |       |     1 |     4 ||     6
       Temporal Distorti |       |       |       |       |       |       |       |     1 |     5 ||     6
 Abil: Spit Poison       |       |     2 |     2 |     6 |     5 |       |       |     1 |       ||    16
       Stop Flying       |       |       |       |       |     1 |       |       |       |       ||     1
Evoke: Wand              |       |       |       |     2 |     1 |       |       |       |    14 ||    17
  Use: Potion            |       |     2 |     1 |     8 |       |     1 |     1 |     1 |    14 ||    28
       Scroll            |       |       |    10 |    13 |    19 |     6 |     8 |     6 |    39 ||   101
 Stab: Distracted        |       |       |       |     5 |    17 |     9 |     8 |    21 |    40 ||   100
       Sleeping          |       |       |       |     7 |    36 |    30 |    13 |    19 |    69 ||   174
  Eat: Chunk             |       |     6 |    12 |    19 |    25 |    25 |    22 |    14 |    38 ||   161
       Fruit             |       |       |     1 |       |     2 |     9 |     6 |     6 |     4 ||    28
       Bread ration      |       |       |       |       |       |       |       |     2 |     5 ||     7
       Royal jelly       |       |       |       |       |       |       |       |     1 |     4 ||     5
       Meat ration       |       |       |       |       |       |       |       |       |     3 ||     3
Armor: Scale mail        |    27 |    77 |   128 |       |   168 |   526 |   247 |   270 |       ||  1443
       Acid dragon scale |       |       |    14 |   265 |    58 |       |       |       |       ||   337
       Ice dragon scales |       |       |       |       |       |       |       |   123 |   223 ||   346
       Ring mail         |       |       |       |       |       |       |       |       |   719 ||   719
Dodge: Dodged            |    12 |    48 |    67 |   242 |   307 |   847 |   446 |   815 |  2274 ||  5058
Block: Shield            |    30 |    88 |   174 |   539 |   606 |  1163 |   674 |   696 |  2927 ||  6897
